 Dungeon Crawl Stone Soup version 0.27-a0-1158-gaa87e14f67 (webtiles) character file.

Game seed: 14837053580442417390

1823 avis the Basher (level 9, -2/74 HPs)
             Began as a Hill Orc Monk on May 15, 2021.
             Was a Believer of Beogh.
             Slain by a bullfrog (5 damage)
             ... on level 6 of the Dungeon.
             The game lasted 00:34:12 (8037 turns).

avis the Basher (Hill Orc Monk)                     Turns: 8037, Time: 00:34:13

Health: -2/74      AC: 11    Str: 17    XL:     9   Next: 10%
Magic:  12/12      EV:  7    Int: 10    God:    Beogh [**....]
Gold:   338        SH:  5    Dex: 13    Spells: 8/8 levels left

rFire    . . .     SeeInvis .   b - +2 dagger (venom)
rCold    . . .     Faith    .   g - +0 buckler
rNeg     . . .     Spirit   .   r - +0 chain mail
rPois    .         Reflect  .   s - +0 helmet
rElec    .         Harm     .   h - +0 cloak
rCorr    .         Rampage  .   t - +0 pair of gloves
Will     .....                  (no boots)
Stlth    ..........             (no amulet)
HPRegen  0.22/turn              (no ring)
MPRegen  0.13/turn              (no ring)

@: marked
A: no striking features
a: Renounce Religion, Smiting


You were on level 6 of the Dungeon.
You worshipped Beogh.
Beogh was pleased with you.
You visited 1 branch of the dungeon, and saw 6 of its levels.

You collected 338 gold pieces.

Inventory:

Hand Weapons
 a - a +2 war axe of flaming
 b - a +2 dagger of venom (weapon)
 o - a +0 war axe
 w - a +2 mace of holy wrath
 y - a +0 mace
 C - a +0 flail
 E - a +0 spear
 F - a +0 halberd
 G - a +1 vorpal halberd
 H - a +0 spear
 I - a +0 hunting sling
 J - a +0 trident
 M - a +0 shortbow
 O - a +0 scythe
 Q - a +2 scythe of holy wrath
Missiles
 e - 63 arrows
 f - 79 bolts
 k - 104 stones (quivered)
 u - 6 curare-tipped darts
 x - 19 javelins
 z - 6 boomerangs
 B - 30 poisoned darts
 K - 27 sling bullets
Armour
 g - a +0 buckler (worn)
 h - a +0 cloak (worn)
 r - a +0 chain mail (worn)
 s - a +0 helmet (worn)
 t - a +0 pair of gloves (worn)
 N - a +0 leather armour of cold resistance
 P - a +2 robe of willpower
Jewellery
 j - a ring of poison resistance
Wands
 A - a wand of flame (7)
Scrolls
 c - a scroll of enchant weapon {unknown}
 d - 4 scrolls of identify
 i - a scroll of magic mapping {unknown}
 l - 3 scrolls of noise {unknown}
 m - 2 scrolls of enchant armour {unknown}
 n - 2 scrolls of fog {unknown}
 q - 2 scrolls of amnesia {unknown}
 v - 5 scrolls of teleportation
Potions
 p - 3 potions of brilliance
 D - a potion of flight
 L - 2 potions of attraction
 R - a potion of curing


   Skills:
 - Level 5.0 Fighting
 * Level 3.5(8.8) Axes
 - Level 10.5(10.6) Maces & Flails
 - Level 2.4 Dodging
 - Level 1.5 Stealth
 - Level 4.0 Shields
 - Level 5.0 Invocations


You had 8 spell levels left.
You didn't know any spells.
Your spell library contained the following spells:

 Spells                   Type           Power      Damage    Failure   Level
 Summon Small Mammal      Summ           0%         N/A       100%        1
 Call Imp                 Summ           0%         N/A       100%        2
 Call Canine Familiar     Summ           0%         N/A       100%        3
 Summon Guardian Golem    Hex/Summ       0%         N/A       100%        3
 Animate Dead             Necr           0%         N/A       100%        4
 Summon Ice Beast         Ice/Summ       0%         N/A       100%        4
 Summon Lightning Spire   Summ/Air       0%         N/A       100%        4
 Borgnjor's Vile Clutch   Necr/Erth      0%         N/A       100%        5
 Death Channel            Necr           0%         N/A       100%        6
 Simulacrum               Ice/Necr       0%         N/A       100%        6


Dungeon Overview and Level Annotations

Branches:
Dungeon (6/15)
 Temple: D:4-7

Altars:
Elyvilon
Fedhas
Kikubaaqudgha
Uskayaw

Annotations:
D:6 1 transporter, Maggie; Nolbo's ghost, novice OpTm


Message History

You feel strangely unstable.
It was a scroll of teleportation.
You cannot move away from Maggie!
Your +2 mace of holy wrath stops glowing.
Your +2 war axe of flaming bursts into flame!
a - a +2 war axe of flaming (weapon)
You closely miss Maggie.
Maggie is heavily wounded.
Maggie hits you but does no damage.
You barely miss Maggie.
Maggie is heavily wounded.
Maggie barely misses you.
Your +2 war axe of flaming stops flaming.
Your +2 dagger of venom begins to drip with poison!
b - a +2 dagger of venom (weapon)
Maggie hits you but does no damage.
You hit Maggie but do no damage.
Maggie is heavily wounded.
Your surroundings suddenly seem different.
You are no longer entranced.
The two-headed ogre shouts in stereo!
Found four items.
Found a transporter.
You set off the alarm!
A sentinel's mark forms upon you.
You hear a shout! x6; You hear a croak.
You hear a shout!
R - a potion of curing A bullfrog comes into view.
An orc comes into view. It is wielding a +0 war axe.
The bullfrog closely misses you.
An orc comes into view. It is wielding a +0 club.
You block the bullfrog's attack.
The bullfrog hits you but does no damage.
An orc comes into view. It is wielding a +0 mace.
The bullfrog hits you.
* * * LOW HITPOINT WARNING * * *
An orc comes into view. It is wielding a +0 short sword.
The bullfrog closely misses you. The orc hits you with a +0 war axe!
* * * LOW HITPOINT WARNING * * *
You block the bullfrog's attack. The bullfrog hits you.
You die...

...........##.....##....
.......#...####..###.#o. .#.OO.W$
.###.###...####........>#########
....................o####......©.
.###.##....####..#..........|....
.....##..#.# #..#o.#####@.......
.######..#.# #.##(.# #........
.....##..#.# #.##o.#####........
†........#.####.@F......#........
..###..<†.......##.######........
........##......##.######........
........................@........
#.#####.##.##############........
#.......#### #........ #########
#........ #........ #########


You could see a bullfrog and an orc.

Vanquished Creatures
  Sigmund (D:5)
  Eustachio (D:5)
  A water moccasin (D:5)
  A black bear (D:4)
  An ice beast (D:5)
  4 necrophages
  An ogre (D:5)
  A phantom (D:6)
  A centaur (D:5)
  A wight (D:4)
  A howler monkey (D:6)
  A bullfrog zombie (D:4)
  A centaur zombie (D:5)
  A human zombie (D:4)
  A hound (D:5)
  2 centaur skeletons
  A gnoll shaman (D:3)
  Ijyb (D:3)
  4 hound zombies (D:4)
  3 mummies (D:4)
  A howler monkey zombie (D:4)
  Robin (D:3)
  4 gnolls
  6 adders
  A white imp (D:5)
  4 worms
  3 dart slugs
  8 orcs
  11 endoplasms
  A giant cockroach (D:2)
  21 goblins
  9 hobgoblins
  7 jackals
  6 kobolds
  3 quokkas
  3 ball pythons
  5 bats
  7 frilled lizards
  10 rats
140 creatures vanquished.

Vanquished Creatures (others)
  An orc priest (D:4)
  A gnoll (D:4)
  An adder skeleton (D:4)
  4 orcs (D:4)
  A hobgoblin (D:4)
  A ball python (D:4)
9 creatures vanquished.

Grand Total: 149 creatures vanquished

Notes
Turn   | Place    | Note
-------+----------+-------------------------------------------
     0 | D:1      | avis the Hill Orc Monk began the quest for the Orb.
     0 | D:1      | Reached XP level 1. HP: 19/19 MP: 1/1
   156 | D:1      | You fall into a shaft and drop 1 floor!
   540 | D:1      | Reached XP level 2. HP: 26/27 MP: 2/2
   926 | D:1      | Reached skill level 4 in Maces & Flails
   991 | D:1      | Found a faded altar of an unknown god.
  1437 | D:2      | Reached XP level 3. HP: 33/33 MP: 3/3
  2199 | D:2      | Reached XP level 4. HP: 31/41 MP: 4/4
  3080 | D:3      | Reached skill level 5 in Maces & Flails
  3146 | D:3      | Noticed Robin
  3271 | D:3      | Killed Robin
  3526 | D:3      | Reached XP level 5. HP: 47/47 MP: 5/5
  3654 | D:3      | Found a white marble altar of Elyvilon.
  3876 | D:3      | Reached skill level 5 in Fighting
  4453 | D:3      | Found a hide-covered altar of Uskayaw.
  4454 | D:3      | Noticed Ijyb
  4466 | D:3      | Killed Ijyb
  4782 | D:4      | Reached skill level 6 in Maces & Flails
  5062 | D:4      | Found a blossoming altar of Fedhas.
  5135 | D:4      | Became a worshipper of Beogh the Brigand
  5135 | D:4      | Reached * piety under Beogh
  5135 | D:4      | Reached ** piety under Beogh
  5614 | D:3      | Reached XP level 6. HP: 48/56 MP: 6/6
  5668 | D:3      | Reached skill level 1 in Invocations
  5884 | D:4      | Reached skill level 1 in Shields
  5968 | D:4      | Noticed a black bear
  5979 | D:4      | Killed a black bear
  6057 | D:4      | Noticed a necrophage
  6065 | D:4      | Killed a necrophage
  6066 | D:4      | Reached skill level 7 in Maces & Flails
  6066 | D:4      | Reached XP level 7. HP: 51/61 MP: 8/8
  6122 | D:4      | Found an ancient bone altar of Kikubaaqudgha.
  6413 | D:5      | Entered Level 5 of the Dungeon
  6602 | D:5      | Reached skill level 8 in Maces & Flails
  6702 | D:5      | Noticed Eustachio
  6724 | D:5      | Killed Eustachio
  6725 | D:5      | Reached XP level 8. HP: 44/68 MP: 9/11
  7003 | D:5      | Noticed Sigmund
  7026 | D:5      | Killed Sigmund
  7027 | D:5      | Reached skill level 9 in Maces & Flails
  7027 | D:5      | Reached skill level 5 in Invocations
  7378 | D:5      | Reached skill level 10 in Maces & Flails
  7765 | D:6      | Reached skill level 1 in Axes
  7765 | D:6      | Reached XP level 9. HP: 67/74 MP: 12/12
  7986 | D:6      | Noticed Maggie
  8014 | D:6      | Found a transporter.
  8014 | D:6      | Identified the +5 dire flail "Ajiadgh" {spect, Will- Dex+4}
  8014 | D:6      | Noticed a two-headed ogre
  8014 | D:6      | Noticed Nolbo's ghost (novice OpTm)
  8035 | D:6      | HP: 2/74 [orc/+0 war axe (8)]
  8037 | D:6      | Slain by a bullfrog

Illustrated notes

Levels and vault maps discovered:
D:1:      ebering_hopf_link, layout_loops_ring, ebering_ecumenical_altar_box
D:2:      layout_basic, minmay_joined_circles
D:3:      layout_basic, elyvilon_altar_5, lemuel_round_altar, minmay_pentangle,
          uniq_ijyb, uniq_robin
D:4:      layout_basic, overflow_temple_1_default,
          lemuel_mausoleum_altar_kikubaaqudgha,
          hangedman_abyss_or_decor_lesser_grid
D:5:      layout_gridville, uniq_sigmund, uniq_eustachio
D:6:      layout_basic, lemuel_tele_altar, gammafunk_ghost_smash, uniq_maggie

Skill      XL: |  1  2  3  4  5  6  7  8  9 |
---------------+----------------------------+-----
Fighting       | 4 5 |  5.0
Maces & Flails | 4 5 6 7 8 10 | 10.5
Invocations    | 2 4 5 |  5.0
Shields        | 2 3 4 |  4.0
Axes           | 1 3 |  3.5
Dodging        | |  2.4
Stealth        | |  1.5

Action                   |  1- 3 |  4- 6 |  7- 9 || total
-------------------------+-------+-------+-------++-------
Melee: Mace              |   129 |    34 |    32 ||   195
       Dagger            |       |   168 |    66 ||   234
       War axe           |       |    27 |    72 ||    99
Invok: Convert to Beogh  |       |     1 |       ||     1
  Use: Scroll            |     2 |       |     4 ||     6
       Potion            |     1 |     1 |       ||     2
 Stab: Sleeping          |     1 |     1 |       ||     2
       Distracted        |       |     1 |       ||     1
Armor: Robe              |     8 |       |       ||     8
       Leather armour    |    23 |     3 |       ||    26
       Ring mail         |       |    24 |       ||    24
       Chain mail        |       |    69 |    99 ||   168
Dodge: Dodged            |    63 |    70 |    66 ||   199
Block: Buckler           |     9 |    36 |    44 ||    89

Table legend: (Time is in decaauts)
 A = Elapsed time spent in this place.
 B = Non-inter-level travel time spent in this place.
 C = Inter-level travel time spent in this place.
 D = Time resting spent in this place.
 E = Time spent auto-exploring this place.
 F = Levels seen in this place.
 G = Mean time per level.
                   A        B        C        D        E       F      G
               +--------+--------+--------+--------+--------+-----+--------+
         Total |   8097 |   7674 |    423 |   3075 |   2715 |   6 | 1349.5 |
       Dungeon |   8097 |   7674 |    423 |   3075 |   2715 |   6 | 1349.5 |
               +--------+--------+--------+--------+--------+-----+--------+

Top non-repeatable levels by time:
     D:3: 2084 daAuts
     D:2: 1942 daAuts
     D:1: 1501 daAuts
     D:5: 1238 daAuts
     D:4: 1050 daAuts
     D:6: 280 daAuts
